 Dungeon Crawl Stone Soup version bcrawl-1.15.1-4-g77d781cab4 (webtiles) character file.

Game seed: 21406852749435460

321 MisterOstroum the Conjurer (level 6, 0/38 HPs)
             Began as a Fairy Conjurer on Oct 6, 2019.
             Succumbed to an orc wizard's poison
             ... on level 3 of the Dungeon.
             The game lasted 00:03:54 (2017 turns).

MisterOstroum the Conjurer (Fairy Conjurer)         Turns: 2017, Time: 00:03:54

Health: 0/38       AC:  6    Str:  6    XL:     6   Next: 46%
Magic:  3/17       EV: 16    Int: 20    God:
Gold:   213        SH:  5    Dex: 13    Spells: 2/17 levels left

rFire    . . .     SeeInvis .   u - +1 dagger (venom)
rCold    . . .     Gourm    .   (shield restricted)
rNeg     . . .     Faith    .   (armour unavailable)
rPois    .         Spirit   .   l - +0 helmet
rElec    .         Reflect  .   (no cloak)
rCorr    .         Harm     .   (no gloves)
MR       .....     NoTele   +   (no boots)
Stlth    +.........             (no amulet)
HPRegen  0.12/turn              (no ring)
MPRegen  0.15/turn              (no ring)

@: lethally poisoned (0 -> -2), cannot translocate, flying evasively
A: small, magic attunement, unstealthy, unfitting armour, able to fly, AC/SH +5
a: Stop Flying


You were on level 3 of the Dungeon.
You were not hungry.

You visited 1 branch of the dungeon, and saw 3 of its levels.

You collected 213 gold pieces.

Inventory:

Hand Weapons
 f - a +1 dagger of distortion
 u - a +1 dagger of venom (weapon)
Missiles
 k - 918 stones (quivered)
Armour
 d - a cursed -2 buckler
 l - a +0 helmet (worn)
Jewellery
 q - an uncursed ring of positive energy {unknown}
 t - an uncursed amulet of faith {unknown}
Scrolls
 a - a scroll of fear {unknown}
 c - 4 scrolls of identify {unknown}
 i - 2 scrolls of magic mapping {unknown}
 n - a scroll of remove curse {unknown}
 o - a scroll of blinking {unknown}
Potions
 b - a potion of magic
 g - 3 potions of might {unknown}
 h - 2 potions of curing
 j - a potion of flight {unknown}
 m - a potion of brilliance {unknown}
 r - a potion of agility {unknown}
 s - a potion of cancellation {unknown}
Comestibles
 e - 6 rations {!d}
 p - 12 chunks of flesh


   Skills:
 * Level 1.4 Fighting
 - Level 2.6 Dodging
 - Level 1.5 Stealth
 - Level 6.1 Spellcasting
 + Level 6.2 Conjurations
 * Level 1.2 Hexes
 + Level 0.6 Transmutations


You had 2 spell levels left.
You knew the following spells:

 Your Spells              Type           Power        Failure   Level  Hunger
a - Magic Dart            Conj           ####         1%          1    None
b - Searing Ray           Conj           ####..       1%          2    None
c - Iskenderun's Mystic   Conj           ####....     2%          3    None
d - Irradiate             Conj/Tmut      ###.......   56%         5    None
e - Fulminant Prism       Conj/Hex       ###.......   22%         4    None

Your spell library contained the following spells:

 Spells                   Type           Power        Failure   Level  Hunger


Dungeon Overview and Level Annotations

Branches:
Dungeon (3/12)

Altars:
Makhleb
Okawaru
Wu Jian

Annotations:
D:3 1 runed translucent door


Innate Abilities, Weirdness & Mutations

Your spells do not cause hunger and MP costs are reduced by 1.
Your bright wings attract enemies. (Stealth-)
You cannot fit into any form of body armour.
Your shimmering scales are hard and can block incoming attacks. (AC +5, SH +5)
You are small and have problems with some larger weapons.
You can fly continuously.


Message History

Press: ? - help, Shift-Dir - straight line, f - adder
Aim: an adder The orb of energy hits the adder.
The adder is almost dead.
The orc wizard casts a spell.
The orc wizard seems to speed up.
Casting: Iskenderun's Mystic Blast (safe; 2% risk of failure)
Confirm with . or Enter, or press ? or * to list all spells.
Aiming: Iskenderun's Mystic Blast (safe; 2% risk of failure)
Press: ? - help, Shift-Dir - straight line, f/p - adder
Aim: an adder (almost dead)
The orb of energy hits the adder.
You kill the adder!
Your Hexes skill increases to level 1!
The orb of energy explodes!
The mystic blast hits the orc.
You kill the orc!
The orc wizard looks encouraged for a moment.
The orc throws a tomahawk.
The tomahawk hits you.
Something unseen opens the door.
Casting: Iskenderun's Mystic Blast (safe; 2% risk of failure)
Confirm with . or Enter, or press ? or * to list all spells.
Aiming: Iskenderun's Mystic Blast (safe; 2% risk of failure)
Press: ? - help, Shift-Dir - straight line, f - orc wizard
Aim: an orc wizard, wielding a +1 dagger of venom and wearing a +0 robe (fast)
The orb of energy hits the orc wizard.
The orc wizard is moderately wounded.
The orb of energy explodes!
The mystic blast hits the orc.
You kill the orc!
A hobgoblin comes into view.
Casting: Iskenderun's Mystic Blast (safe; 2% risk of failure)
Confirm with . or Enter, or press ? or * to list all spells.
Aiming: Searing Ray (safe; 1% risk of failure)
Press: ? - help, Shift-Dir - straight line, f/p - orc wizard
Aim: an orc wizard, wielding a +1 dagger of venom and wearing a +0 robe (moderately wounded, fast)
The searing ray hits the orc wizard.
The orc wizard is moderately wounded. (Press . to maintain the ray.)
You block the orc wizard's attack.
Unknown command.
Unknown command.
Casting: Searing Ray (safe; 1% risk of failure)
Confirm with . or Enter, or press ? or * to list all spells.
Aiming: Iskenderun's Mystic Blast (safe; 2% risk of failure)
Press: ? - help, Shift-Dir - straight line, f/p - orc wizard
Aim: an orc wizard, wielding a +1 dagger of venom and wearing a +0 robe (moderately wounded, fast)
The orb of energy hits the orc wizard.
The orc wizard is severely wounded.
The orb of energy explodes!
The orc wizard hits you but does no damage.
You are poisoned.
The orc wizard barely misses you.
Casting: Iskenderun's Mystic Blast (safe; 2% risk of failure)
Confirm with . or Enter, or press ? or * to list all spells.
Aiming: Iskenderun's Mystic Blast (safe; 2% risk of failure)
Press: ? - help, Shift-Dir - straight line, f/p - orc wizard
Aim: an orc wizard, wielding a +1 dagger of venom and wearing a +0 robe (severely wounded, fast)
The orb of energy hits the orc wizard.
You kill the orc wizard!
The orb of energy explodes!
You feel sick.
Casting: Iskenderun's Mystic Blast (safe; 2% risk of failure)
Confirm with . or Enter, or press ? or * to list all spells.
You don't have enough magic to cast that spell.
You feel sick.
Items here: )) [[ † a +1 dagger of venom; a +0 robe; a +0 dagger; a cursed +0 robe; an adder corpse
Casting: Iskenderun's Mystic Blast (safe; 2% risk of failure)
Confirm with . or Enter, or press ? or * to list all spells.
Aiming: Magic Dart (safe; 1% risk of failure)
Press: ? - help, Shift-Dir - straight line, f - hobgoblin
Aim: a hobgoblin The magic dart hits the hobgoblin.
You kill the hobgoblin!
Casting: Magic Dart (safe; 1% risk of failure)
Confirm with . or Enter, or press ? or * to list all spells.
You can't see any susceptible monsters within range! (Use Z to cast anyway.)
u - a +1 dagger of venom You feel sick.
You see here a hobgoblin corpse.
You butcher the hobgoblin corpse.
You feel sick.
p - 12 chunks of flesh (gained 1)
You see here a hobgoblin skeleton.
Wear which item? (? for menu, Esc to quit)
Okay, then.
Wield which item (- for none, * to show all)? (? for menu, Esc to quit)
Okay, then.
Wear which item? (? for menu, Esc to quit)
You start putting on your armour.
You continue putting on your +0 helmet. x2
You feel sick.
You continue putting on your +0 helmet. x2
You finish putting on your +0 helmet.
Wear which item? (? for menu, Esc to quit)
Okay, then.
Wield which item (- for none, * to show all)? (? for menu, Esc to quit)
Really unwield
f - a +1 dagger of distortion?
You are crushed and pinned by an extremely strong localised spatial distortion!
Ouch! That really hurt!
* * * LOW HITPOINT WARNING * * *
Your +1 dagger of venom begins to drip with poison!
u - a +1 dagger of venom (weapon)
You die...

#......## .......## ..(....#
.)....#### #(#....... #.
#[....# #. ##########.....#
####. #..........÷...+
....#.... #.........@...##
.........
#..............'...........
#.....####.÷...#........ #
#.....# #.#+#.# .......+..
#####.....####'#.#.#+####...##+
#.......####.....#.....# #...
#.......# #....<#.....#####...
#......## #.....#.............
#.....)# #...................


There were no monsters in sight!

Vanquished Creatures
  Sigmund (D:2)
  2 orc wizards (D:3)
  Robin (D:2)
  An adder (D:3)
  2 dart slugs (D:1)
  4 leopard geckos
  5 orcs (D:3)
  2 giant cockroaches (D:2)
  11 goblins
  15 hobgoblins
  3 jackals (D:2)
  4 kobolds
  2 quokkas (D:3)
  6 bats
  4 frilled lizards
  5 rats
68 creatures vanquished.

Notes
Turn   | Place    | Note
-------+----------+-------------------------------------------
     0 | D:1      | MisterOstroum the Fairy Conjurer began the quest for the
                  | Orb.
     0 | D:1      | Reached XP level 1. HP: 11/11 MP: 6/6
    31 | D:1      | Reached skill level 5 in Conjurations
    78 | D:1      | Reached XP level 2. HP: 17/17 MP: 7/7
    84 | D:1      | Learned a level 2 spell: Searing Ray
   646 | D:1      | Reached XP level 3. HP: 21/21 MP: 9/9
   752 | D:2      | Learned a level 3 spell: Iskenderun's Mystic Blast
   849 | D:2      | Found a burning altar of Makhleb.
   862 | D:2      | Noticed Sigmund
   866 | D:2      | Noticed Robin
   870 | D:2      | Killed Sigmund
   870 | D:2      | Reached XP level 4. HP: 22/27 MP: 1/14
   870 | D:2      | Reached XP level 5. HP: 26/31 MP: 1/15
   891 | D:2      | Killed Robin
   903 | D:2      | Learned a level 5 spell: Irradiate
   908 | D:2      | Learned a level 4 spell: Fulminant Prism
  1152 | D:2      | Found an iron altar of Okawaru.
  1186 | D:2      | Reached XP level 6. HP: 37/37 MP: 17/17
  1246 | D:2      | Found an ornate altar of the Wu Jian Council.
  1840 | D:3      | Found a runed translucent door.
  1856 | D:3      | Reached skill level 1 in Fighting
  1999 | D:3      | Reached skill level 1 in Hexes
  2016 | D:3      | HP: 1/38 [something (30)]
  2017 | D:3      | Succumbed to an orc wizard's poison

Skill      XL: |  1  2  3  4  5  6 |
---------------+-------------------+-----
Conjurations   | 5 6 |  6.2
Spellcasting   | 6 |  6.1
Fighting       | 1 |  1.4
Hexes          | 1 |  1.2
Dodging        | |  2.6
Stealth        | |  1.5
Transmutations | |  0.6

Action                   |  1- 3 |  4- 6 || total
-------------------------+-------+-------++-------
 Cast: Magic Dart        |    62 |    35 ||    97
       Iskenderun's Myst |     4 |    16 ||    20
       Searing Ray       |       |     2 ||     2
  Eat: Chunk             |       |     3 ||     3
Armor: Skin              |     1 |     2 ||     3
Dodge: Dodged            |     9 |     8 ||    17
Block: Other             |     2 |     3 ||     5
